 Dungeon Crawl Stone Soup version 0.25-a0-589-g1e14c549ee (webtiles) character file.

Game seed: 1591948267974297253, levelgen mode: deterministic

77 Aggronaut the Skirmisher (level 4, -4/39 HPs)
             Began as a Demonspawn Wanderer on Mar 12, 2020.
             Slain by a gnoll
             ... wielding a +0 halberd
              (12 damage)
             ... on level 2 of the Dungeon.
             The game lasted 00:04:09 (1947 turns).

Aggronaut the Skirmisher (Demonspawn Wanderer)      Turns: 1947, Time: 00:04:09

Health: -4/39      AC:  5    Str: 12    XL:     4   Next: 13%
Magic:  4/4        EV: 11    Int: 13    God:
Gold:   40         SH:  0    Dex: 14    Spells: 3/3 levels left

rFire    . . .     SeeInvis .   a - +0 quarterstaff
rCold    . . .     Gourm    .   (shield currently unavailable)
rNeg     . . .     Faith    .   b - +2 leather armour
rPois    .         Spirit   .   (no helmet)
rElec    .         Reflect  .   (no cloak)
rCorr    .         Harm     .   (no gloves)
MR       .....                  (no boots)
Stlth    ++........             (no amulet)
HPRegen  0.13/turn              (no ring)
MPRegen  0.09/turn              (no ring)

@: no status effects
A: hooves 2, powered by death 1
a: no special abilities


You were on level 2 of the Dungeon.
You were not hungry.

You visited 1 branch of the dungeon, and saw 2 of its levels.

You collected 40 gold pieces.

Inventory:

Hand Weapons
 a - a +0 quarterstaff (weapon)
 c - a +0 short sword
 d - a +0 dagger
Missiles
 k - 34 poisoned darts (quivered)
Armour
 b - a +2 leather armour (worn)
Scrolls
 e - 2 scrolls of identify {unknown}
 h - a scroll of noise {unknown}
 j - a scroll of magic mapping {unknown}
 l - a scroll of blinking {unknown}
Potions
 m - a potion of heal wounds {unknown}
Comestibles
 f - 3 rations
 g - 3 chunks of flesh


   Skills:
 + Level 5.0 Fighting
 - Level 1.7 Short Blades
 - Level 1.0 Throwing
 - Level 1.0 Dodging
 - Level 2.6 Stealth


You had 3 spell levels left.
You didn't know any spells.
Your spell library was empty.

Dungeon Overview and Level Annotations

Branches:
Dungeon (2/15)

Altars:
Kikubaaqudgha


Innate Abilities, Weirdness & Mutations

You have hoof-like feet.
You regenerate a little health from kills.


Message History

The gnoll closely misses you. The gnoll hits you but does no damage.
You hit the gnoll. You kick the gnoll.
The gnoll is severely wounded.
The gnoll hits you from afar with a +0 halberd!
The gnoll completely misses you.
You barely miss the gnoll. You kick the gnoll.
The gnoll is almost dead.
The gnoll hits you with a +0 spear. The gnoll closely misses you.
The gnoll hits you with a +0 spear.
* * * LOW HITPOINT WARNING * * *
You hit the gnoll.
You kill the gnoll!
Your Fighting skill increases to level 5!
You have reached level 4!
You feel agile.
Your demonic ancestry asserts itself...
Your feet thicken and deform.
The gnoll barely misses you.
Unknown command.
The gnoll hits you from afar with a +0 halberd!
You die...

.## #+#
#.........#
#.# ..# #.#
##.#.....##
#.# ..### #.#
#.##..)## #.#
....###.##
#.######
...gg....##
#.#
....#.....#
#.#
..####...##
#.# ..#
##..########.#
.##
##.())..g.@.#
##
############


You could see a gnoll.

Vanquished Creatures
  2 gnolls (D:2)
  An ooze (D:2)
  A worm (D:2)
  A leopard gecko (D:1)
  2 ball pythons (D:1)
  6 bats
  5 giant cockroaches
  3 goblins
  4 hobgoblins
  4 jackals (D:1)
  3 frilled lizards
  10 kobolds
  6 rats
48 creatures vanquished.

Notes
Turn   | Place    | Note
-------+----------+-------------------------------------------
     0 | D:1      | Aggronaut the Demonspawn Wanderer began the quest for the
                  | Orb.
     0 | D:1      | Aggronaut set off with the following items: a +0
                  | quarterstaff, a +2 leather armour, a +0 short sword, a +0
                  | dagger, a ration
     0 | D:1      | Reached XP level 1. HP: 18/18 MP: 1/1
   192 | D:1      | Gained mutation: You have large cloven feet. [demonic
                  | ancestry]
   192 | D:1      | Reached XP level 2. HP: 6/24 MP: 2/2
   942 | D:1      | Reached skill level 4 in Fighting
   972 | D:1      | Gained mutation: You regenerate a little health from kills.
                  | [demonic ancestry]
   972 | D:1      | Reached XP level 3. HP: 25/30 MP: 3/3
  1466 | D:2      | Found an ancient bone altar of Kikubaaqudgha.
  1942 | D:2      | Reached skill level 5 in Fighting
  1942 | D:2      | Gained mutation: You have hoof-like feet. [demonic
                  | ancestry]
  1942 | D:2      | Reached XP level 4. HP: 7/39 MP: 4/4
  1947 | D:2      | Slain by a gnoll

Levels and vault maps discovered:
D:1:      wander_arrival_estate, layout_basic, minmay_worlds_worst_comb
D:2:      layout_loops_corners, lemuel_blue_sif_altar,
          kennysheep_okawaru_gauntlet, lemuel_round_altar, uniq_sigmund

Skill      XL: |  1  2  3 |
---------------+----------+-----
Fighting       | 4 5 |  5.0
Short Blades   | |  1.7
Throwing       | |  1.0
Dodging        | |  1.0
Stealth        | |  2.6

Action                   |  1- 3 |  4- 6 || total
-------------------------+-------+-------++-------
Melee: Quarterstaff      |   134 |       ||   134
       Kick              |    20 |       ||    20
Throw: Dart              |     4 |       ||     4
  Use: Potion            |     2 |       ||     2
 Stab: Sleeping          |     7 |       ||     7
  Eat: Chunk             |     3 |       ||     3
Armor: Leather armour    |    57 |       ||    57
Dodge: Dodged            |    91 |     1 ||    92

Table legend:
 A = Non-vault XP
 B = Vault XP
 C = Vault XP percentage of total XP
 D = Non-vault monster count
 E = Vault monster count
 F = Vault count percentage of total count
                 A         B        C        D         E       F
            +---------+---------+-------+---------+---------+-------
      Total |     104 |       6 |   5.5 |      45 |       3 |   6.2
            +---------+---------+-------+---------+---------+-------
        D:1 |      47 |       6 |  11.3 |      29 |       3 |   9.4
        D:2 |      57 |       0 |   0.0 |      16 |       0 |   0.0
            +---------+---------+-------+---------+---------+-------
